 Seeded DCSS version 0.29-a0-284-gf9362112df (webtiles) character file.

Game seed: 10898707918651901846 (custom seed)

704 gzilladon the Carver (level 7, -1/58 (61) HPs)
             Began as a Minotaur Berserker on Apr 1, 2022.
             Was a Priest of Trog.
             Slain by a kobold brigand
             ... wielding a +0 dagger
              (6 damage)
             ... on level 6 of the Dungeon.
             The game lasted 00:22:34 (5413 turns).

gzilladon the Carver (Minotaur Berserker)           Turns: 5413, Time: 00:22:36

HP:   -1/58 (61)    AC: 13    Str: 23    XL:     7   Next: 39%
MP:   6/6           EV:  7    Int:  4    God:    Trog [***...]
Gold: 315           SH:  0    Dex: 16    Spells: 6/6 levels left

rFire   + . .      SeeInvis .   e - +1 great sword
rCold   . . .      Faith    +   (shield currently unavailable)
rNeg    . . .      Spirit   .   m - +0 plate armour
rPois   .          Reflect  .   (helmet restricted)
rElec   .          Harm     .   (no cloak)
rCorr   .          Rampage  .   l - +0 pair of gloves
Will    .....                   (no boots)
Stlth   ..........              s - amulet of faith
HPRegen 0.19/turn               g - +6 ring of dexterity
MPRegen 0.10/turn               q - ring of protection from fire

@: lightly drained
A: horns 2, retaliatory headbutt
a: Renounce Religion, Berserk, Trog's Hand


You were on level 6 of the Dungeon.
You worshipped Trog.
Trog was most pleased with you.
You visited 1 branch of the dungeon, and saw 6 of its levels.

You collected 315 gold pieces.

Inventory:

Hand Weapons
 a - a +0 falchion
 e - a +1 great sword (weapon)
Missiles
 i - a boomerang
 j - 65 stones (quivered)
 D - 2 poisoned darts
Armour
 b - a +0 animal skin
 k - a +0 chain mail
 l - a +0 pair of gloves (worn)
 m - a +0 plate armour (worn)
 u - a +0 pair of gloves
 w - a +0 helmet
Magical Staves
 A - a staff of fire
Jewellery
 g - a +6 ring of dexterity (left hand)
 p - a ring of poison resistance
 q - a ring of protection from fire (right hand)
 s - an amulet of faith (around neck)
Wands
 z - a wand of flame (16)
Scrolls
 d - 3 scrolls of teleportation
 n - a scroll of magic mapping
 r - a scroll of holy word {unknown}
Potions
 f - a potion of mutation
 h - a potion of flight
 o - a potion of attraction
 t - a potion of heal wounds {unknown}
 v - a potion of berserk rage {unknown}
 x - a potion of degeneration {unknown}


   Skills:
 + Level 5.4 Fighting
 + Level 8.5 Long Blades
 + Level 4.7 Armour
 + Level 2.6 Dodging


You had 6 spell levels left.
You didn't know any spells.
Your spell library contained the following spells:

 Spells                   Type           Power      Damage    Failure   Level
 Beastly Appendage        Tmut           0%         N/A       100%        1
 Freeze                   Ice            0%         1d3       100%        1
 Scorch                   Fire           0%         2d5       100%        2
 Wereblood                Tmut           0%         N/A       100%        2
 Frozen Ramparts          Ice            0%         1d2       100%        3
 Spider Form              Tmut/Pois      0%         N/A       100%        3
 Flame Wave               Conj/Fire      0%         2d4       100%        4
 Hailstorm                Conj/Ice       0%         3d3       100%        4
 Summon Cactus Giant      Summ           0%         N/A       100%        6


Dungeon Overview and Level Annotations

Branches:
Dungeon (6/15)
 Temple: D:4-7

Altars:
Hepliaklqana
Yredelemnul
Zin
The Shining One

Annotations:
D:5 2 transporters, Darius099's ghost, novice GrFi


Innate Abilities, Weirdness & Mutations

You have a pair of horns on your head.
You reflexively headbutt those who attack you in melee.


Message History

The kobold brigand hits you but does no damage.
You slash the kobold brigand!
The kobold brigand is heavily wounded.
The necrophage completely misses you.
The wight hits you with a +5 long sword!
You feel drained. The kobold brigand closely misses you.
You barely miss the kobold brigand. You headbutt the kobold brigand.
The kobold brigand is heavily wounded.
The necrophage hits you.
The wight hits you with a +5 long sword.
The kobold brigand hits you with a +0 dagger.
The wight hits you but does no damage. The necrophage closely misses you.
You slash the kobold brigand!
The kobold brigand is almost dead.
The kobold brigand hits you but does no damage.
The necrophage hits you but does no damage.
The wight hits you with a +5 long sword.
The kobold brigand completely misses you.
You furiously retaliate!
You headbutt the kobold brigand. You barely miss the kobold brigand.
The kobold brigand is severely wounded.
The wight hits you but does no damage.
The necrophage hits you but does no damage.
The kobold brigand hits you with a +0 dagger.
* * * LOW HITPOINT WARNING * * *
You closely miss the kobold brigand.
The kobold brigand is severely wounded.
The necrophage barely misses you.
The wight hits you with a +5 long sword.
* * * LOW HITPOINT WARNING * * *
You feel drained.
* * * LOW HITPOINT WARNING * * *
The kobold brigand barely misses you.
You barely miss the kobold brigand.
The kobold brigand is severely wounded.
The necrophage hits you.
* * * LOW HITPOINT WARNING * * *
The wight hits you but does no damage.
The kobold brigand hits you with a +0 dagger.
You die...

#.#....# ......#
.....+ #####>..#
##..##<..###..
#.............
####.............
#................
#.##..@K.........
#....PPnz.........
#...PP≈......##...
#.#≈♣≈≈.≈..).# ...
#..≈≈.≈P≈♣..... ..
#...≈≈≈≈≈♣.....
#..≈≈≈≈≈≈......
..≈≈≈≈≈.. ....


You could see a kobold brigand, a necrophage and a wight.

Vanquished Creatures
  A water moccasin (D:4)
  A phantom (D:4)
  A necrophage (D:3)
  A jelly (D:5)
  2 hounds (D:4)
  An orc priest (D:5)
  Natasha (thrice) (D:2)
  An iguana (D:5)
  4 orc wizards
  5 adders
  2 shadow imps
  A white imp (D:5)
  A worm (D:3)
  A dart slug (D:2)
  10 orcs
  4 endoplasms
  2 giant cockroaches
  4 goblins
  10 hobgoblins
  4 quokkas
  2 ball pythons
  6 bats
  3 frilled lizards (D:2)
  4 kobolds
  2 rats
76 creatures vanquished.

Vanquished Creatures (others)
  4 plants (D:6)
  2 withered plants (D:3)
6 creatures vanquished.

Grand Total: 82 creatures vanquished

Notes
Turn   | Place    | Note
-------+----------+-------------------------------------------
     0 | D:1      | gzilladon the Minotaur Berserker began the quest for the
                  | Orb.
     0 | D:1      | Reached XP level 1. HP: 19/19 MP: 0/0
   321 | D:1      | Reached skill level 4 in Long Blades
   348 | D:1      | Reached XP level 2. HP: 27/27 MP: 1/1
   736 | D:2      | Reached XP level 3. HP: 33/33 MP: 2/2
  1147 | D:2      | Reached skill level 5 in Long Blades
  1225 | D:2      | Found a glowing silver altar of Zin.
  1338 | D:2      | Noticed Natasha
  1341 | D:2      | Killed Natasha
  1342 | D:2      | Reached XP level 4. HP: 38/40 MP: 3/3
  1624 | D:2      | Noticed Natasha
  1632 | D:2      | Killed Natasha
  1696 | D:2      | Noticed Natasha
  1704 | D:2      | Killed Natasha
  1704 | D:2      | Reached ** piety under Trog
  1959 | D:3      | Found a glowing golden altar of the Shining One.
  2061 | D:3      | Reached skill level 6 in Long Blades
  2061 | D:3      | Reached XP level 5. HP: 45/47 MP: 4/4
  2504 | D:3      | Found a basalt altar of Yredelemnul.
  2625 | D:3      | Found a hazy altar of Hepliaklqana.
  3070 | D:4      | Found a glowing silver altar of Zin.
  3105 | D:4      | Reached XP level 6. HP: 45/55 MP: 5/5
  3190 | D:4      | Noticed a water moccasin
  3197 | D:4      | Killed a water moccasin
  3198 | D:4      | Reached skill level 5 in Fighting
  3198 | D:4      | Reached skill level 7 in Long Blades
  3330 | D:4      | Identified the +0 scale mail "Faec" {Fly Will+}
  3396 | D:4      | Reached XP level 7. HP: 52/61 MP: 6/6
  4242 | D:5      | Entered Level 5 of the Dungeon
  4440 | D:5      | Found a transporter.
  4456 | D:5      | Noticed Darius099's ghost (novice GrFi)
  4558 | D:5      | Reached skill level 8 in Long Blades
  4989 | D:5      | Reached *** piety under Trog
  5013 | D:5      | Found a transporter.
  5223 | D:5      | Identified the +6 scale mail of the Morning Star {Drain rF+
                  | Regen+ Str+2}
  5413 | D:6      | Slain by a kobold brigand

Illustrated notes

Levels and vault maps discovered:
D:1:      dpeg_arrival_stonehenge_12_columns, layout_basic
D:2:      layout_basic, basic_altar, uniq_natasha
D:3:      layout_basic, yredelemnul_altar_generic, mainiacjoe_overflow_paths,
          nzn_hepliaklqana_mist_gate, kennysheep_generic_room_16
D:4:      layout_loops_ring, zin_treasury
D:5:      layout_cave_pools, gammafunk_ghost_arena, serial_co_window_serial,
          co_window_paths_a, co_window_paths_b, co_window_paths_a,
          co_window_corner_a, co_window_corner_a, co_window_broadway_b,
          co_window_2corner, co_window_2corner, co_window_2corner,
          co_window_2corner, minivault_26, chequers_serial_rivers_micro_c,
          minmay_crystal_water
D:6:      layout_gridville, minmay_temple_entry_sparse_star, serial_bayou,
          serial_bayou_pond_e, serial_bayou_pond_e, serial_bayou_lagoon_a,
          serial_bayou_pond_b, serial_bayou_crossing, portal_sewer_entry_a,
          minmay_misc_feat_ornament, uniq_maggie, uniq_edmund

Skill      XL: |  1  2  3  4  5  6  7 |
---------------+----------------------+-----
Long Blades    | 4 5 6 7 8 |  8.5
Fighting       | 4 5 |  5.4
Armour         | 3 4 |  4.7
Dodging        | |  2.6

Action                   |  1- 3 |  4- 6 |  7- 9 || total
-------------------------+-------+-------+-------++-------
Melee: Great sword       |    37 |    97 |    54 ||   188
       Falchion          |     3 |       |       ||     3
       Headbutt          |     5 |    14 |     6 ||    25
  Use: Potion            |       |     1 |     1 ||     2
       Scroll            |       |       |    12 ||    12
Armor: Animal skin       |     4 |       |       ||     4
       Chain mail        |    12 |    61 |     6 ||    79
       Plate armour      |       |       |    51 ||    51
Dodge: Dodged            |    29 |    52 |    37 ||   118

Table legend: (Time is in decaauts)
 A = Elapsed time spent in this place.
 B = Non-inter-level travel time spent in this place.
 C = Inter-level travel time spent in this place.
 D = Time resting spent in this place.
 E = Time spent auto-exploring this place.
 F = Levels seen in this place.
 G = Mean time per level.
                   A        B        C        D        E       F      G
               +--------+--------+--------+--------+--------+-----+--------+
         Total |   5489 |   4814 |    675 |    833 |      0 |   6 |  914.8 |
       Dungeon |   5489 |   4814 |    675 |    833 |      0 |   6 |  914.8 |
               +--------+--------+--------+--------+--------+-----+--------+

Top non-repeatable levels by time:
     D:2: 1282 daAuts
     D:4: 1196 daAuts
     D:5: 1157 daAuts
     D:3: 1125 daAuts
     D:1: 701 daAuts
     D:6: 25 daAuts
